 Dungeon Crawl Stone Soup version 0.32-a0-571-gec57dfcd37 (webtiles) character file.

Game seed: 16604914479815353349

108983 hikkokomori the Scorcher (level 16, -2/139 HPs)
             Began as a Mountain Dwarf Fire Elementalist on Mar 1, 2024.
             Was an Initiate of Gozag.
             Slain by a boulder beetle (14 damage)
             ... on level 14 of the Dungeon.
             The game lasted 01:58:21 (33747 turns).

hikkokomori the Scorcher (MDFE)                    Turns: 33747, Time: 01:58:22

Health: -2/139     AC: 28    Str: 14    XL:     16   Next: 3%
Magic:  16/28      EV:  7    Int: 25    God:    Gozag
Gold:   2117       SH:  0    Dex: 10    Spells: 3/32 levels left

rFire   + . .        Q - +5 glaive of the Guard {elec, spectral}
rCold   + . .        (shield currently unavailable)
rNeg    . . .        N - +4 chain mail "Cazyl" {rC+ Int+2}
rPois   .            L - +0 helmet
rElec   .            z - +2 cloak {Stlth+}
rCorr   .            T - +2 pair of gloves {Stlth+}
SInv    .            n - +0 pair of boots
Will    +....        (no amulet)
Stlth   +            p - +4 ring of protection
HPRegen 0.43/turn    y - ring "Izxifa" {rF+ Str+2}
MPRegen 0.21/turn

%: no passive effects
@: gold aura
A: runic magic, artefact enchanting, MP-powered wands
a: Renounce Religion, Potion Petition, Call Merchant, Bribe Branch


You were on level 14 of the Dungeon.
You worshipped Gozag.
Gozag was most pleased with you.
You visited 4 branches of the dungeon, and saw 21 of its levels.
You also visited: Bailey and Ice Cave.

You collected 6840 gold pieces.
You spent 1120 gold pieces at shops.
You paid 3603 gold pieces to Gozag.

Inventory:

Hand Weapons
 h - a +4 trident of venom
 Q - the +5 glaive of the Guard (weapon) {elec, spectral}
   (You found it on level 13 of the Dungeon)
 Y - a +2 demon whip of freezing
Missiles
 e - 12 throwing nets
Armour
 n - a +0 pair of boots (worn)
 o - a +2 tower shield of cold resistance
 z - a +2 cloak of stealth (worn)
 L - a +0 helmet (worn)
 N - the +4 chain mail "Cazyl" (worn) {rC+ Int+2}
   (You bought it in a shop on level 9 of the Dungeon)

   Int+2:     It affects your intelligence (+2).
   rC+:       It protects you from cold.
 T - a +2 pair of gloves of stealth (worn)
 X - a +2 plate armour of fire resistance
Magical Staves
 r - the staff "Niamib" {rC+ Will+ Str+2 Dex+2 Ice Alchemy}
   (You found it on level 3 of the Dungeon)

   [staff of cold]

   Base accuracy: +5 Base damage: 5 Base attack delay: 1.2 This weapon's minimum
   attack delay (0.6) is reached at skill level 12.
   Str+2:     It affects your strength (+2).
   Dex+2:     It affects your dexterity (+2).
   rC+:       It protects you from cold.
   Will+:     It increases your willpower.
   Ice:       It increases the power of your Ice spells.
   Alchemy:   It increases the power of your Alchemy spells.
   It falls into the 'Staves' category.
   It is a one-handed weapon.
 U - the staff of Medghoitt {rPois rF+ Will+ Necro Earth}
   (You found it on level 3 of the Lair of Beasts)

   [staff of earth]

   Base accuracy: +5 Base damage: 5 Base attack delay: 1.2 This weapon's minimum
   attack delay (0.6) is reached at skill level 12.
   rF+:       It protects you from fire.
   rPois:     It protects you from poison Will+: It increases your willpower.
   Necro:     It increases the power of your Necromancy spells.
   Earth:     It increases the power of your Earth spells.
   It falls into the 'Staves' category.
   It is a one-handed weapon.
Jewellery
 p - a +4 ring of protection (left hand)
 t - a ring of positive energy
 y - the ring "Izxifa" (right hand) {rF+ Str+2}
   (You found it on level 11 of the Dungeon)

   [ring of protection from fire]

   Str+2:     It affects your strength (+2).
   rF+:       It protects you from fire.
 B - a ring of flight
 R - a +6 ring of intelligence
Wands
 b - a wand of digging (2)
 f - a wand of quicksilver (6)
 v - a wand of charming (27)
 M - a wand of roots (1)
Scrolls
 a - 2 scrolls of enchant weapon
 d - a scroll of enchant armour
 j - 3 scrolls of vulnerability
 l - a scroll of silence
 q - a scroll of summoning
 s - a scroll of blinking
 A - 3 scrolls of teleportation
 C - 2 scrolls of fear
 G - 2 scrolls of noise
 H - a scroll of revelation
 J - 5 scrolls of identify
 S - 3 scrolls of immolation
 W - a scroll of fog
Potions
 c - 5 potions of mutation
 g - 4 potions of enlightenment
 i - 4 potions of resistance
 k - a potion of might
 m - 3 potions of lignification
 u - 2 potions of attraction
 x - 11 potions of brilliance
 D - 3 potions of invisibility
 E - 2 potions of haste
 F - a potion of ambrosia
 I - 5 potions of curing
 K - 3 potions of cancellation
 O - 5 potions of heal wounds
 Z - a potion of degeneration {unknown}
Miscellaneous
 w - a condenser vane
 P - a phantom mirror
 V - a phial of floods


   Skills:
 - Level 12.0 Fighting
 - Level 7.0 Polearms
 - Level 3.0 Throwing
 - Level 8.0 Armour
 - Level 1.3 Dodging
 - Level 2.0 Stealth
 + Level 8.7 Spellcasting
 - Level 2.0 Conjurations
 + Level 9.0 Hexes
 + Level 17.9 Fire Magic
 + Level 4.0 Ice Magic
 - Level 1.0 Air Magic
 - Level 4.0 Alchemy
 - Level 11.0 Evocations


You had 3 spell levels left.
You knew the following spells:

 Your Spells              Type           Power      Damage    Failure   Level
a - Foxfire               Conj/Fire      100%       2x1d9     1%          1
b - Scorch                Fire           100%       2d9       0%          2
c - Inner Flame           Hex/Fire       67%        N/A       1%          3
d - Confusing Touch       Hex            54%        N/A       1%          3
e - Mephitic Cloud        Conj/Alch/Air  22%        N/A       12%         3
f - Yara's Violent Unrav  Hex/Alch       21%        3d10      21%         5
g - Ignition              Fire           39%        3d12      41%         8
h - Airstrike             Air            7%         2d(2-18)  56%         4

Your spell library contained the following spells:

 Spells                   Type           Power      Damage    Failure   Level
 Freeze                   Ice            100%       1d10      1%          1
 Slow                     Hex            100%       N/A       1%          1
 Jinxbite                 Hex            100%       N/A       1%          2
 Sigil of Binding         Hex            54%        N/A       1%          3
 Volatile Blastmotes      Fire/Tloc      100%       2d18      1%          3
 Sting                    Conj/Alch      100%       1d9       3%          1
 Dazzling Flash           Conj/Hex       76%        N/A       3%          3
 Shock                    Conj/Air       72%        1d7       5%          1
 Frozen Ramparts          Ice            62%        1d10      6%          3
 Hailstorm                Conj/Ice       26%        3d7       9%          3
 Lesser Beckoning         Tloc           20%        N/A       16%         2
 Swiftness                Air            15%        N/A       21%         3
 Gell's Gravitas          Tloc           10%        N/A       30%         3
 Teleport Other           Tloc           10%        N/A       30%         3
 Vampiric Draining        Necr           10%        2d6       30%         3
 Flame Wave               Conj/Fire      57%        2d14      1%          4
 Cause Fear               Hex            27%        N/A       2%          4
 Anguish                  Hex/Necr       16%        N/A       16%         4
 Dimensional Bullseye     Hex/Tloc       16%        N/A       16%         4
 Metabolic Englaciation   Hex/Ice        21%        N/A       21%         5
 Silence                  Hex/Air        17%        N/A       36%         5
 Irradiate                Conj/Alch      12%        3d15      63%         5
 Enfeeble                 Hex            27%        N/A       91%         7
 Curse of Agony           Necr           10%        N/A       96%         5
 Sculpt Simulacrum        Ice/Alch       15%        N/A       97%         6
 Bombard                  Conj/Erth      7%         9d2       100%        6
 Ozocubu's Refrigeration  Ice            15%        4d10      100%        7
 Lehudib's Crystal Spear  Conj/Erth      7%         10d3      100%        8


Dungeon Overview and Level Annotations

Branches:
Dungeon (14/15)            Temple (1/1) D:6            Lair (4/5) D:10
 Shoals (0/4) Lair:2       Spider (0/4) Lair:3        Slime (0/5) Lair:4
    Orc (2/2) D:10            Elf (0/3) Orc:2        Vaults (0/5) D:13
 Bailey (visited)           IceCv (visited)

Altars:
Ashenzari
Cheibriados
Dithmenos
Elyvilon
Fedhas
Gozag
Hepliaklqana
Kikubaaqudgha
Makhleb
Nemelex Xobeh
Okawaru
Qazlal
Ru
Sif Muna
Trog
Uskayaw
Vehumet
Wu Jian
Xom
Yredelemnul
Zin
The Shining One
Beogh
Jiyva

Shops:
D:1 *   D:7 (   D:9 [!   D:10 ?   D:11 [   Orc:1 *   Orc:2 ![((=*

Annotations:
Orc:1 3 runed translucent doors, exclusion: obsidian statue, Vaucseu's ghost, journeyman MiFi
Orc:2 2 transporters, Sirjeffry24's ghost, journeyman CoHu


Innate Abilities, Weirdness & Mutations

Your spellcasting is much less encumbered by armour.
You can use scrolls of enchantment on lesser artefacts.
You expend magic power (3 MP) to strengthen your wands.


Message History

You kill the centaur warrior!
Your +5 glaive of the Guard {elec, spectral} disappears.
The boulder beetle bites you.
* * * LOW HITPOINT WARNING * * *
The boulder beetle is engulfed in blazing flames.
Flame seeps out of the boulder beetle.
The boulder beetle bites you.
* * * LOW HITPOINT WARNING * * *
Your Hexes skill increases to level 9!
Your Ice Magic skill increases to level 4!
You hit the boulder beetle.
Flame seeps out of the boulder beetle.
Lightning courses through the boulder beetle!
Flame seeps out of the boulder beetle.
The boulder beetle is severely wounded.
Your +5 glaive of the Guard {elec, spectral} hits the boulder beetle.
Flame seeps out of the boulder beetle.
The centaur warrior simulacrum is no longer distracted by gold.
The boulder beetle bites you but does no damage.
You hit the boulder beetle.
Flame seeps out of the boulder beetle.
The boulder beetle is severely wounded.
Your +5 glaive of the Guard {elec, spectral} hits the boulder beetle but does no damage.
The boulder beetle barely misses you.
The centaur warrior simulacrum is distracted by your dazzling golden aura.
You hit the boulder beetle but do no damage.
The boulder beetle is severely wounded.
Your +5 glaive of the Guard {elec, spectral} hits the boulder beetle but does no damage.
The boulder beetle bites your +5 glaive of the Guard {elec, spectral}!
Your spectral weapon shares its damage with you!
* * * LOW HITPOINT WARNING * * *
The boulder beetle is engulfed in blazing flames.
Flame seeps out of the boulder beetle.
The boulder beetle bites your +5 glaive of the Guard {elec, spectral}!!
Your spectral weapon shares its damage with you!
Your +5 glaive of the Guard {elec, spectral} disappears.
* * * LOW HITPOINT WARNING * * *
You hit the boulder beetle.
Flame seeps out of the boulder beetle.
The boulder beetle is almost dead.
Your +5 glaive of the Guard {elec, spectral} hits the boulder beetle but does no damage.
The boulder beetle bites you!
You die...
Your body crumbles into a pile of gold.

. #.# #. #.# #.
#.####### #..
#.......#
####..#####)#####.#
..................#
##.#.##.###.####..#
#.#.##.###.###
#...@(........
#.#$#B##.###.#
#..Z$$......
#.#$#○##.#.##
...#........
#.#...? .#.#..
...#.#..".. #.# .##
...... #. ##.#. .#


You could see a boulder beetle (inner flame), a centaur warrior simulacrum and a
friendly +5 glaive of the Guard {elec, spectral}.

Vanquished Creatures
  Saint Roka (Orc:2)
  Rupert (Lair:4)
  A frost giant (IceCv)
  A vault guard (D:13)
  An ogre mage (D:13)
  Harold (D:10)
  Erica (D:9)
  6 hydras
  A boulder beetle (D:12)
  4 centaur warriors
  2 two-headed ogres
  9 death yaks
  An orc high priest (Orc:2)
  A deep elf knight (D:13)
  Nergalle (Lair:2)
  A skyshark (Lair:4)
  A fire crab (shapeshifter) (D:13)
  Amaemon (Lair:3)
  5 arcanists (D:13)
  Pikel (D:7)
  A harpy (D:13)
  3 deep elf pyromancers
  A harpy (shapeshifter) (D:13)
  A necromancer (D:13)
  An orc knight (Orc:2)
  A wolf spider (D:13)
  2 ugly things
  Maurice (D:7)
  An oklob plant (Lair:1)
  2 orc sorcerers
  2 cyclopes
  A manticore (D:14)
  3 kobold blastminers (Orc:2)
  11 elephants
  A merfolk siren (Lair:2)
  A meliai (Lair:3)
  A gargoyle (D:11)
  2 black mambas (Lair:2)
  An orange demon (Lair:3)
  12 cane toads
  An ice statue (IceCv)
  Jeremiah (D:9)
  8 komodo dragons
  7 rime drakes
  A troll (shapeshifter) (D:13)
  5 polar bears
  4 trolls
  A merfolk (D:9)
  9 blink frogs (Lair:3)
  3 slime creatures
  A jumping spider (shapeshifter) (D:11)
  2 shadows
  Sigmund (D:5)
  A centaur simulacrum (D:13)
  A vampire (D:13)
  4 wraiths
  11 basilisks
  5 wyverns
  4 wargs
  30 yaks
  2 steam dragons (D:9)
  10 vampire mosquitoes
  17 humans (D:13)
  2 death yak simulacra (Lair:4)
  2 acid dragons
  14 water moccasins
  A swamp drake (D:10)
  33 orc warriors
  2 ice beasts (D:6)
  2 sky beasts
  A black bear (Lair:2)
  A laughing skull (D:13)
  6 ogres
  29 wolves
  5 centaurs
  A phantom (D:5)
  2 lemures (D:7)
  3 kobold brigands
  10 bullfrogs
  2 scorpions
  8 wights (D:8)
  9 gnoll sergeants
  12 killer bees
  An elephant simulacrum (Lair:4)
  An electric eel (Lair:2)
  7 howler monkeys (D:12)
  5 hounds
  4 jellies
  24 orc priests
  2 sleepcaps
  Crazy Yiuf (D:4)
  4 iguanas
  4 gnoll boudas (Bailey)
  31 orc wizards
  2 polar bear simulacra (Lair:4)
  13 gnolls (Bailey)
  6 adders
  A white imp (D:7)
  2 ufetubi (D:6)
  3 dart slugs
  3 ribbon worms
  130 orcs
  3 endoplasms
  7 giant cockroaches
  6 goblins
  9 hobgoblins
  A jackal (D:4)
  4 quokkas
  6 ball pythons
  5 bats
  7 frilled lizards
  22 kobolds
  4 rats
682 creatures vanquished.

Vanquished Creatures (collateral kills)
  An orc warrior (Orc:1)
  A kobold brigand (D:8)
  A hound (Bailey)
  An orc wizard (D:8)
  A gnoll (Bailey)
  A shadow imp (D:8)
  5 orcs
  3 kobolds (D:8)
14 creatures vanquished.

Vanquished Creatures (others)
  A kobold blastminer (Orc:2)
  A shadow (D:10)
  A human (D:13)
  An orc warrior (D:8)
  An ogre (Orc:2)
  A bullfrog (D:8)
  A wight (D:8)
  A hound (Bailey)
  An orc priest (Orc:1)
  191 foxfires
  2 spectral weapons (D:14)
202 creatures vanquished.

Grand Total: 898 creatures vanquished

Notes
Turn   | Place    | Note
-------+----------+-------------------------------------------
     0 | D:1      | hikkokomori the Mountain Dwarf Fire Elementalist began the
                  | quest for the Orb.
     0 | D:1      | Reached XP level 1. HP: 14/14 MP: 3/3
    72 | D:1      | Reached skill level 1 in Conjurations
   227 | D:1      | Reached XP level 2. HP: 9/20 MP: 1/5
   338 | D:1      | Reached skill level 4 in Fire Magic
   772 | D:1      | Reached skill level 1 in Fighting
   919 | D:1      | Found Nuilymnoz's Assorted Antiques.
  1304 | D:2      | Reached XP level 3. HP: 28/28 MP: 6/6
  1351 | D:2      | Learned a level 2 spell: Scorch
  1446 | D:2      | Reached XP level 4. HP: 28/37 MP: 0/7
  1946 | D:3      | Gained mutation: You expend magic power (3 MP) to
                  | strengthen your wands. [potion of mutation]
  1949 | D:3      | HP: 1/37 [orc wizard/magic dart (6)]
  2202 | D:3      | Reached skill level 5 in Fire Magic
  2464 | D:3      | Found a shimmering altar of Xom.
  2540 | D:3      | Reached XP level 5. HP: 15/45 MP: 5/8
  2785 | D:3      | Identified the staff "Niamib" {rC+ Will+ Str+2 Dex+2 Ice
                  | Alchemy}
  2974 | D:4      | Found a hazy altar of Hepliaklqana.
  2986 | D:4      | Reached skill level 1 in Evocations
  3061 | D:3      | Learned a level 3 spell: Inner Flame
  3132 | D:4      | Reached skill level 6 in Fire Magic
  3141 | D:4      | Reached skill level 1 in Hexes
  3141 | D:4      | Reached XP level 6. HP: 47/51 MP: 6/9
  3610 | D:4      | Found a sacrificial altar of Ru.
  4185 | D:4      | Found a runed translucent door.
  4186 | D:4      | Noticed Crazy Yiuf
  4190 | D:4      | Killed Crazy Yiuf
  4237 | D:5      | Entered Level 5 of the Dungeon
  4301 | D:5      | Reached XP level 7. HP: 60/60 MP: 5/10
  4428 | D:5      | Noticed Sigmund
  4449 | D:5      | Killed Sigmund
  4450 | D:5      | Reached skill level 5 in Fighting
  4560 | D:5      | Found a glowing golden altar of the Shining One.
  4673 | D:5      | Found an opulent altar of Gozag.
  4726 | D:5      | Became a worshipper of Gozag Ym Sagoz the Greedy
  4809 | D:5      | Reached skill level 5 in Evocations
  5021 | D:6      | Found a staircase to the Ecumenical Temple.
  5051 | Temple   | Entered the Ecumenical Temple
  5174 | D:5      | Reached XP level 8. HP: 46/68 MP: 2/11
  5404 | D:6      | Learned a level 3 spell: Confusing Touch
  6228 | D:6      | Found a stormy altar of Qazlal.
  6603 | D:7      | Found Olabi's Antique Weapon Shop.
  6725 | D:7      | Learned a level 3 spell: Mephitic Cloud
  6738 | D:7      | Reached skill level 1 in Ice Magic
  6874 | D:7      | Noticed Maurice
  6877 | D:7      | Killed Maurice
  6878 | D:7      | Reached XP level 9. HP: 78/78 MP: 5/15
  6895 | D:7      | You fall into a shaft and drop 2 floors!
  7093 | D:8      | Reached skill level 5 in Hexes
  7286 | D:8      | Found a flagged portal.
  7472 | Bailey   | Entered a bailey
  7807 | Bailey   | Reached skill level 1 in Throwing
  7844 | Bailey   | Reached XP level 10. HP: 6/86 MP: 0/16
  7929 | Bailey   | HP: 1/86 [gnoll sergeant/+0 glaive (10)]
  8464 | Bailey   | Reached skill level 7 in Fire Magic
  9580 | D:7      | Noticed Pikel
  9591 | D:7      | Killed Pikel
  9962 | D:7      | Reached skill level 8 in Fire Magic
 10239 | D:7      | Found a roughly hewn altar of Beogh.
 11148 | D:9      | Noticed Erica
 11150 | D:9      | Noticed Jeremiah
 11153 | D:9      | Killed Erica
 11154 | D:9      | Reached skill level 1 in Polearms
 11157 | D:9      | Killed Jeremiah
 11196 | D:9      | Reached skill level 9 in Fire Magic
 11484 | D:9      | Found a roughly hewn altar of Beogh.
 11779 | D:9      | Found a shadowy altar of Dithmenos.
 11788 | D:9      | Reached XP level 11. HP: 86/94 MP: 7/17
 11799 | D:9      | Bought a bloodstained chain mail for 218 gold pieces
 11799 | D:9      | Identified the +4 chain mail "Cazyl" {rC+ Int+2} (You
                  | bought it in a shop on level 9 of the Dungeon)
 11929 | D:9      | Reached skill level 1 in Armour
 11929 | D:9      | Reached skill level 10 in Evocations
 12469 | D:9      | Bought a pair of runed gloves for 172 gold pieces
 12534 | D:10     | Entered Level 10 of the Dungeon
 12534 | D:10     | Found Jaheacim's Magic Scroll Emporium.
 12539 | D:10     | Bought a scroll of fear for 44 gold pieces
 12539 | D:10     | Bought a scroll of identify for 22 gold pieces
 12539 | D:10     | Bought a scroll of teleportation for 33 gold pieces
 12935 | D:10     | Noticed a two-headed ogre
 12977 | D:10     | Killed a two-headed ogre
 13222 | D:10     | Noticed a two-headed ogre
 13284 | D:10     | Found a staircase to the Orcish Mines.
 13435 | D:10     | Reached skill level 5 in Armour
 13442 | D:10     | Noticed Harold
 13450 | D:10     | Killed Harold
 13451 | D:10     | Reached skill level 1 in Air Magic
 14169 | D:10     | Found a staircase to the Lair.
 14381 | Orc:1    | Entered Level 1 of the Orcish Mines
 14381 | Orc:1    | Found a roughly hewn altar of Beogh.
 14386 | Orc:1    | Noticed a two-headed ogre
 14388 | Orc:1    | Reached skill level 5 in Spellcasting
 14388 | Orc:1    | Reached skill level 10 in Fire Magic
 14396 | Orc:1    | Noticed an orc sorcerer
 14407 | Orc:1    | Killed an orc sorcerer
 14407 | Orc:1    | Killed a two-headed ogre
 15043 | Orc:1    | Found a runed translucent gate.
 15043 | Orc:1    | Found a runed translucent gate.
 15044 | Orc:1    | Found a runed translucent gate.
 15046 | Orc:1    | Found an opulent altar of Gozag.
 15047 | Orc:1    | Noticed an obsidian statue
 15048 | Orc:1    | Noticed Vaucseu's ghost (journeyman MiFi)
 15049 | Orc:1    | Found Cehorch's Assorted Antiques.
 15049 | Orc:1    | Noticed an orc sorcerer
 15350 | Orc:2    | Entered Level 2 of the Orcish Mines
 15350 | Orc:2    | Found Woadorann's Weapon Emporium.
 15877 | Orc:2    | Found a roughly hewn altar of Beogh.
 16031 | Orc:2    | Found a roughly hewn altar of Beogh.
 16162 | Orc:2    | Found a roughly hewn altar of Beogh.
 16336 | Orc:2    | Reached XP level 12. HP: 37/103 MP: 17/21
 16537 | Orc:2    | Found a transporter.
 16616 | Orc:2    | Noticed Sirjeffry24's ghost (journeyman CoHu)
 16616 | Orc:2    | Identified the +5 great mace of Fortitude {pain, Will+}
 16616 | Orc:2    | Noticed an ettin
 16618 | Orc:2    | Noticed a two-headed ogre
 16619 | Orc:2    | Noticed a two-headed ogre
 16619 | Orc:2    | Noticed a two-headed ogre
 16629 | Orc:2    | Found a transporter.
 17240 | Orc:2    | Reached skill level 11 in Fire Magic
 17460 | Orc:2    | Noticed an orc high priest
 17463 | Orc:2    | Noticed Saint Roka
 17467 | Orc:2    | Killed an orc high priest
 17497 | Orc:2    | HP: 2/105 [Saint Roka/divine providence (11)]
 17878 | Orc:2    | Killed Saint Roka
 17879 | Orc:2    | Reached skill level 10 in Fighting
 17879 | Orc:2    | Reached skill level 12 in Fire Magic
 18296 | Orc:2    | Found Bexyenus's Antique Weapon Emporium.
 18298 | Orc:2    | Found a roughly hewn altar of Beogh.
 18302 | Orc:2    | Found Jaobun's Antique Armour Shoppe.
 18425 | Orc:2    | Found a staircase to the Elven Halls.
 18540 | Orc:2    | Found a roughly hewn altar of Beogh.
 18564 | Orc:2    | Found Fatwet's Distillery.
 18572 | Orc:2    | Bought 2 potions of enlightenment for 110 gold pieces
 18572 | Orc:2    | Bought a potion of heal wounds for 55 gold pieces
 18572 | Orc:2    | Bought a potion of brilliance for 44 gold pieces
 18572 | Orc:2    | Bought a potion of might for 44 gold pieces
 18810 | Orc:2    | Found a roughly hewn altar of Beogh.
 18858 | Orc:2    | Found Haocwuir's Jewellery Boutique.
 18886 | Orc:2    | Bought a wand of quicksilver (6) for 378 gold pieces
 18996 | Lair:1   | Entered Level 1 of the Lair of Beasts
 19436 | Lair:1   | Reached skill level 13 in Fire Magic
 19451 | Lair:1   | Noticed a six-headed hydra
 19461 | Lair:1   | Noticed a seven-headed hydra
 19462 | Lair:1   | Killed a six-headed hydra
 19472 | Lair:1   | Killed a seven-headed hydra
 19473 | Lair:1   | Reached skill level 14 in Fire Magic
 19475 | Lair:1   | Noticed a four-headed hydra
 19902 | Lair:1   | Found the +1 robe of Vines {NoPotionHeal Regen++++}
 20430 | Lair:1   | Found a burning altar of Makhleb.
 20779 | Lair:2   | Reached XP level 13. HP: 56/114 MP: 16/22
 21035 | Lair:2   | Noticed Nergalle
 21044 | Lair:2   | Killed Nergalle
 22256 | Lair:2   | Found a staircase to the Shoals.
 22526 | Lair:2   | HP: 3/116 [cane toad (16)]
 23769 | Lair:3   | Found a hole to the Spider Nest.
 24166 | Lair:3   | Noticed Amaemon
 24169 | Lair:3   | Reached skill level 15 in Fire Magic
 24176 | Lair:3   | Killed Amaemon
 25348 | Lair:3   | Identified the staff of Medghoitt {rPois rF+ Will+ Necro
                  | Earth}
 25600 | Lair:4   | Found a viscous altar of Jiyva.
 25600 | Lair:4   | Found a staircase to the Slime Pits.
 25606 | Lair:4   | Reached skill level 16 in Fire Magic
 25645 | Lair:4   | Noticed Rupert
 25667 | Lair:4   | Killed Rupert
 25668 | Lair:4   | Reached XP level 14. HP: 99/124 MP: 17/26
 25844 | Lair:4   | Found a frozen archway.
 25904 | IceCv    | Entered an ice cave
 26097 | IceCv    | Reached skill level 17 in Fire Magic
 26719 | IceCv    | Noticed a frost giant
 26740 | IceCv    | Killed a frost giant
 26741 | IceCv    | Reached skill level 5 in Polearms
 27070 | IceCv    | Got Qeum's Folio of Refrigeration
 28071 | Lair:4   | Learned a level 5 spell: Yara's Violent Unravelling
 29146 | D:11     | Reached skill level 1 in Alchemy
 29258 | D:11     | Reached XP level 15. HP: 132/132 MP: 27/27
 29268 | D:11     | Learned a level 8 spell: Ignition
 29506 | D:11     | Identified the ring "Izxifa" {rF+ Str+2}
 32106 | D:13     | Learned a level 4 spell: Airstrike
 32559 | D:13     | Found the +5 glaive of the Guard {elec, spectral}
 33061 | D:13     | Found a gate to the Vaults.
 33502 | D:13     | Got Plog's Guide on Displacement and the Fifth Circle
 33678 | D:14     | Found a white marble altar of Elyvilon.
 33682 | D:14     | Identified the +2 spear of Lies {venom, Fly rElec rF+}
 33737 | D:14     | Reached XP level 16. HP: 41/139 MP: 19/28
 33747 | D:14     | Slain by a boulder beetle

Illustrated notes

Levels and vault maps discovered:
D:1:      minmay_arrival_stair_chambers, layout_loops_cross, serial_shops,
          nicolae_square_shop, kennysheep_pointless_box, grunt_decor_junction,
          st_stairs_14, minmay_tromino_v4_b
D:2:      layout_basic
D:3:      layout_basic, regret_index_xom_buried_treasure,
          chequers_decorated_corner
D:4:      minmay_inner_zag, layout_cave_pools, mainiacjoe_overflow_catwalk,
          nicolae_ru_awakened_eye, uniq_crazy_yiuf_cottage
D:5:      layout_rooms, old_standard_altar, lemuel_round_altar, uniq_sigmund
D:6:      layout_basic, nicolae_overflow_hidden_temple,
          minmay_temple_entry_gardened_gates
D:7:      layout_basic, serial_shops, nicolae_shop_statue_plus,
          david_defended_altar_orc, uniq_maurice, uniq_pikel
D:8:      layout_cave_pods, enter_bailey_2, grunt_ogre_cave,
          kennysheep_generic_room_6
D:9:      layout_roguey, grunt_dithmenos_shadows, special_room
          [special_room_orc], hangedman_fish_farm, uniq_jeremiah, uniq_erica
D:10:     layout_irregular_city, erik_lair_dragon, hiddenorc2_lemuel,
          serial_shops, shop, nicolae_fountain_basement, uniq_harold
D:11:     layout_roguey, minmay_microvault
D:12:     layout_loops_ring
D:13:     layout_rooms, grunt_vaults_entry_tiered, serial_rivers,
          chequers_serial_rivers_micro_e, chequers_serial_rivers_marsh,
          chequers_serial_rivers_micro_c, chequers_serial_rivers_micro_c,
          chequers_serial_rivers_large_b, chequers_serial_rivers_large_a,
          minivault_12
D:14:     layout_long_grid, elyvilon_altar_5, minmay_diced_spiral, uniq_snorg
Temple:   eino_wide_crystal_templ
Lair:1:   layout_regular_city, basic_altar, hellmonk_guarded_unrand_vines
Lair:2:   layout_layer_cave, minmay_shoals_entry_lonely_mermaid,
          hangedman_lair_generics_rect, infiniplex_staircase_pool_2,
          serial_bayou_shore_a, uniq_nergalle
Lair:3:   nzn_winding_woodlands_cross [nzn_winding_woodlands_5x15_lazy_stream,
          nzn_winding_woodlands_5x15_twine,
          nzn_winding_woodlands_5x15_concentric,
          nzn_winding_woodlands_5x15_pockets,
          nzn_winding_woodlands_15x15_boxy_spiral], layout_cave_shapes,
          hellmonk_spider_entry_not_the_bees, chequers_serial_rivers_marsh,
          uniq_amaemon
Lair:4:   wad_woods_structure_01, layout_long_grid, minmay_slime_entry_pillars,
          portal_ice_cave_entry_ice_simulacra, nicolae_volcano_entry_hallway,
          uniq_rupert
Orc:1:    layout_caves, ebering_ghost_gozag, basic_altar
Orc:2:    grunt_orc_community_town_hall, layout_diamond_mine,
          grunt_orc_community_big_house_2, grunt_orc_community_big_house_1,
          grunt_orc_community_house_1, grunt_orc_community_house_1,
          grunt_orc_community_house_1, grunt_orc_community_house_2,
          grunt_orc_community_house_2, grunt_orc_community_house_1,
          gammafunk_ghost_smash, serial_shops, shop

Skill      XL: |  1  2  3  4  5  6  7  8  9 10 11 12 13 14 15 16 |
---------------+-------------------------------------------------+-----
Conjurations   | 1 2 |  2.0
Spellcasting   | 2 4 6 8 |  8.7
Fire Magic     | 4 5 6 9 10 14 16 17 | 17.9
Stealth        | 2 |  2.0
Fighting       | 1 2 3 4 5 6 7 8 10 11 12 | 12.0
Evocations     | 2 3 5 6 8 9 10 11 | 11.0
Hexes          | 1 2 4 7 8 9 |  9.0
Ice Magic      | 1 2 3 4 |  4.0
Throwing       | 1 3 |  3.0
Polearms       | 3 4 6 7 |  7.0
Armour         | 5 8 |  8.0
Air Magic      | 1 |  1.0
Alchemy        | 3 4 |  4.0
Dodging        | |  1.3

Action                     |  1- 3 |  4- 6 |  7- 9 | 10-12 | 13-15 | 16-18 || total
---------------------------+-------+-------+-------+-------+-------+-------++-------
  Melee: Unarmed           |    43 |       |       |       |       |       ||    43
         Flail             |    30 |   137 |       |       |       |       ||   167
         Short sword       |       |    19 |   230 |    41 |       |       ||   290
         Trident           |       |       |       |   437 |   582 |       ||  1019
         Glaive            |       |       |       |       |     6 |     7 ||    13
  Throw: Dart              |       |       |       |     1 |       |       ||     1
         Throwing net      |       |       |       |     4 |       |       ||     4
   Cast: Foxfire           |    36 |       |    20 |    42 |    15 |       ||   113
         Scorch            |     5 |    49 |    63 |    75 |    24 |       ||   216
         Inner Flame       |       |       |    15 |   113 |   162 |     2 ||   292
         Confusing Touch   |       |       |     1 |       |     3 |       ||     4
 Invoke: Call Merchant     |       |       |       |     3 |     1 |       ||     4
  Evoke: Wand              |       |     1 |    26 |    43 |    11 |       ||    81
         Condenser vane    |       |       |       |     1 |       |       ||     1
    Use: Potion            |       |     2 |     1 |     3 |     7 |       ||    13
         Scroll            |       |     5 |     8 |    10 |     8 |       ||    31
   Stab: Sleeping          |     1 |     4 |     2 |     3 |     2 |       ||    12
         Distracted        |       |       |       |     5 |     3 |       ||     8
         Confused          |       |       |       |       |     6 |       ||     6
 Armour: Robe              |    47 |   142 |    19 |       |       |       ||   208
         Ring mail         |       |       |    30 |       |       |       ||    30
         Leather armour    |       |       |   171 |    98 |       |       ||   269
         Chain mail        |       |       |       |   418 |   897 |    17 ||  1332
  Dodge: Dodged            |    61 |    94 |   150 |   157 |   200 |     3 ||   665

Table legend: (Time is in decaauts)
 A = Elapsed time spent in this place.
 B = Non-inter-level travel time spent in this place.
 C = Inter-level travel time spent in this place.
 D = Time resting spent in this place.
 E = Time spent auto-exploring this place.
 F = Levels seen in this place.
 G = Mean time per level.
                   A        B        C        D        E       F      G
               +--------+--------+--------+--------+--------+-----+--------+
         Total |  33994 |  32997 |    997 |   4091 |  22390 |  23 | 1478.0 |
       Dungeon |  17902 |  17112 |    790 |   1065 |  12595 |  14 | 1278.7 |
        Temple |      1 |      1 |      0 |      0 |      0 |   1 |    1.0 |
          Lair |   8613 |   8468 |    145 |   1149 |   5987 |   4 | 2153.2 |
  Orcish Mines |   4565 |   4503 |     62 |    965 |   2740 |   2 | 2282.5 |
        Bailey |   1395 |   1395 |      0 |    664 |    302 |   1 | 1395.0 |
      Ice Cave |   1514 |   1514 |      0 |    248 |    766 |   1 | 1514.0 |
               +--------+--------+--------+--------+--------+-----+--------+

Top non-repeatable levels by time:
   Orc:2: 3456 daAuts
  Lair:2: 2784 daAuts
    D:13: 2612 daAuts
  Lair:3: 2164 daAuts
    D:10: 1997 daAuts
  Lair:4: 1950 daAuts
  Lair:1: 1714 daAuts
     D:9: 1644 daAuts
   IceCv: 1514 daAuts
     D:8: 1496 daAuts
     D:6: 1426 daAuts
  Bailey: 1395 daAuts
     D:7: 1362 daAuts
     D:1: 1266 daAuts
    D:12: 1265 daAuts
